 Dungeon Crawl Stone Soup version 0.29-a0-308-g4e025c60ea (webtiles) character file.

Game seed: 4494662134181800820

206 Essalna the Gusty (level 5, 0/30 HPs)
             Began as a Tengu Air Elementalist on Mar 28, 2022.
             Slain by an ufetubus (3 damage)
             ... on level 4 of the Dungeon.
             The game lasted 00:06:42 (2919 turns).

Essalna the Gusty (Tengu Air Elementalist)          Turns: 2919, Time: 00:06:43

Health: 0/30       AC:  2    Str:  9    XL:     5   Next: 84%
Magic:  6/10       EV: 14    Int: 17    God:
Gold:   78         SH:  0    Dex: 14    Spells: 0/10 levels left

rFire   . . .      SeeInvis .   k - +2 short sword (venom)
rCold   . . .      Faith    .   (no shield)
rNeg    . . .      Spirit   .   a - +0 robe
rPois   .          Reflect  .   (helmet restricted)
rElec   .          Harm     .   (no cloak)
rCorr   .          Rampage  .   (no gloves)
Will    .....                   (boots unavailable)
Stlth   ++........              f - amulet of the acrobat
HPRegen 0.10/turn               (no ring)
MPRegen 0.12/turn               (no ring)

@: flying quickly and evasively, quick
A: beak, talons 3, nimble flight
a: no special abilities


You were on level 4 of the Dungeon.
You visited 1 branch of the dungeon, and saw 4 of its levels.

You collected 78 gold pieces.

Inventory:

Hand Weapons
 k - a +2 short sword of venom (weapon)
Armour
 a - a +0 robe (worn)
Jewellery
 f - an amulet of the acrobat (around neck)
Scrolls
 e - a scroll of magic mapping {unknown}
 g - a scroll of teleportation {unknown}
Potions
 b - a potion of magic
 h - a potion of brilliance
 j - a potion of lignification {unknown}
 l - a potion of heal wounds {unknown}


   Skills:
 + Level 1.7 Fighting
 - Level 2.1 Dodging
 - Level 2.0 Stealth
 + Level 3.3 Spellcasting
 + Level 4.0 Conjurations
 + Level 5.6 Air Magic


You couldn't memorise any spells.
You knew the following spells:

 Your Spells              Type           Power      Damage    Failure   Level
a - Shock                 Conj/Air       76%        1d7       2%          1
b - Swiftness             Air            21%        N/A       4%          3
c - Static Discharge      Conj/Air       19%        N/A       3%          2
d - Airstrike             Air            10%        N/A       17%         4

Your spell library contained the following spells:

 Spells                   Type           Power      Damage    Failure   Level
 Animate Skeleton         Necr           4%         N/A       17%         1
 Pain                     Necr           8%         1d4       17%         1
 Vampiric Draining        Necr           2%         2d6       45%         3


Dungeon Overview and Level Annotations

Branches:
Dungeon (4/15)
 Temple: D:4-7

Altars:

Annotations:
D:3 2 transporters, Natasha; Sigmund; paps's ghost, amateur DsGl
D:4 Edmund; Grinder


Innate Abilities, Weirdness & Mutations

You have a beak for a mouth.
You have claws for feet.
Your magical nature lets you fly swiftly and evasively.


Message History

You're already flying!
Unknown command.
Unknown command.
Unknown command.
Unknown command.
You bump into the rock wall.
The orc wizard hits you with a +0 dagger.
You're too confused to move!
The orc wizard barely misses you.
You bump into the rock wall.
The orc wizard gestures at you while chanting.
The puff of flame hits you!
You hit the orc wizard.
You kill the orc wizard!
The ufetubus closely misses you. x2
Your Conjurations skill increases to level 4!
You feel less confused.
Casting: Shock (safe; 2% risk of failure)
Confirm with . or Enter, or press ? or * to list all spells.
Aiming: Shock (safe; 2% risk of failure)
Press: ? - help, Shift-Dir - straight line, f - ufetubus
Aim: an ufetubus (53% to hit)
The zap misses the ufetubus.
The zap hits the goblin.
You kill the goblin!
The ufetubus barely misses you. The ufetubus hits you.
* * * LOW HITPOINT WARNING * * *
The ufetubus closely misses you. x2
It was a potion of brilliance.
You feel clever all of a sudden. The ufetubus misses you.
The ufetubus hits you.
* * * LOW HITPOINT WARNING * * *
The ufetubus hits you.
* * * LOW HITPOINT WARNING * * *
The ufetubus hits you but does no damage.
The ufetubus completely misses you. x2
It was a potion of cancellation.
Your magical effects are unravelling.
You feel magically purged.
You feel a little less clever now. The ufetubus hits you.
You die...

...>.###...[#.....
#.#.#.#......#
.... #
#.....##.#)# ##
....# #..#@# h#!
...##.## ##^ ...>
#..# #.. (....
##h# #.# ...( #5#
#.# #@# #.# #.##
#.# #.)###.####
##........#
##.......#
#..)....#
#########


You could see Edmund, an ufetubus and a jackal.

Vanquished Creatures
  2 orc priests (D:3)
  An orc wizard (D:4)
  5 adders
  A dart slug (D:3)
  A worm (D:3)
  6 orcs
  5 ball pythons
  3 endoplasms
  3 giant cockroaches
  4 hobgoblins
  5 jackals
  5 kobolds
  3 quokkas
  5 bats
  13 goblins
  3 rats
65 creatures vanquished.

Notes
Turn   | Place    | Note
-------+----------+-------------------------------------------
     0 | D:1      | Essalna the Tengu Air Elementalist began the quest for the
                  | Orb.
     0 | D:1      | Reached XP level 1. HP: 10/10 MP: 4/4
   137 | D:1      | Reached XP level 2. HP: 15/15 MP: 1/6
   382 | D:1      | You fall into a shaft and drop 1 floor!
   532 | D:2      | Reached XP level 3. HP: 19/19 MP: 2/7
   717 | D:2      | Found a faded altar of an unknown god.
  1294 | D:2      | Reached XP level 4. HP: 17/24 MP: 1/9
  1393 | D:2      | Reached skill level 5 in Air Magic
  1969 | D:3      | Reached skill level 1 in Fighting
  1986 | D:3      | Gained mutation: Your magical nature lets you fly swiftly
                  | and evasively. [Tengu growth]
  1986 | D:3      | Reached XP level 5. HP: 14/29 MP: 4/10
  2353 | D:3      | Found a transporter.
  2353 | D:3      | Noticed paps's ghost (amateur DsGl)
  2356 | D:3      | Found a transporter.
  2511 | D:3      | Learned a level 3 spell: Swiftness
  2514 | D:3      | Learned a level 2 spell: Static Discharge
  2523 | D:3      | Learned a level 4 spell: Airstrike
  2591 | D:3      | Noticed Sigmund
  2593 | D:3      | Noticed Natasha
  2602 | D:4      | Noticed Grinder
  2602 | D:4      | Noticed Edmund
  2919 | D:4      | Slain by an ufetubus

Illustrated notes

Levels and vault maps discovered:
D:1:      sevenhm_arrival_forest_fort_small_3, layout_basic, minmay_3d_cube
D:2:      layout_basic, hellmonk_ecumenical_altar_dog_temple
D:3:      minmay_goblin_kobold_castle, layout_rooms, gammafunk_ghost_arena,
          uniq_ijyb, uniq_natasha, uniq_sigmund
D:4:      layout_rooms, uniq_grinder, uniq_edmund

Skill      XL: |  1  2  3  4  5 |
---------------+----------------+-----
Conjurations   | 2 3 4 |  4.0
Air Magic      | 5 |  5.6
Spellcasting   | 3 |  3.3
Fighting       | 1 |  1.7
Dodging        | |  2.1
Stealth        | |  2.0

Action                   |  1- 3 |  4- 6 || total
-------------------------+-------+-------++-------
Melee: Unarmed           |    16 |       ||    16
       Kick              |     3 |       ||     3
       Short sword       |       |     1 ||     1
 Cast: Shock             |    62 |    80 ||   142
  Use: Potion            |       |     4 ||     4
Armor: Robe              |     6 |     2 ||     8
Dodge: Dodged            |    24 |    28 ||    52

Table legend: (Time is in decaauts)
 A = Elapsed time spent in this place.
 B = Non-inter-level travel time spent in this place.
 C = Inter-level travel time spent in this place.
 D = Time resting spent in this place.
 E = Time spent auto-exploring this place.
 F = Levels seen in this place.
 G = Mean time per level.
                   A        B        C        D        E       F      G
               +--------+--------+--------+--------+--------+-----+--------+
         Total |   2902 |   2848 |     54 |    258 |   2211 |   4 |  725.5 |
       Dungeon |   2902 |   2848 |     54 |    258 |   2211 |   4 |  725.5 |
               +--------+--------+--------+--------+--------+-----+--------+

Top non-repeatable levels by time:
     D:2: 1272 daAuts
     D:1: 725 daAuts
     D:3: 594 daAuts
     D:4: 310 daAuts
